 Dungeon Crawl Stone Soup version 0.29-a0-296-gda187f2e07 (console) character file.

Game seed: 12756158361661309511

93 Gather the Magician (level 4, -7/31 HPs)
             Began as a Mummy Conjurer on Mar 19, 2022.
             Mangled by Crazy Yiuf
             ... wielding a +3 quarterstaff of chaos
              (17 damage)
             ... on level 2 of the Dungeon.
             The game lasted 00:07:01 (2338 turns).

Gather the Magician (Mummy Conjurer)                Turns: 2338, Time: 00:07:02

Health: -7/31      AC:  3    Str: 10    XL:     4   Next: 37%
Magic:  6/10       EV: 11    Int: 19    God:
Gold:   6          SH:  0    Dex: 10    Spells: 5/11 levels left

rFire   x . .      SeeInvis .   j - +2 dagger (protect)
rCold   + . .      Faith    .   (no shield)
rNeg    + + +      Spirit   .   a - +0 robe
rPois   ∞          Reflect  .   k - +0 helmet
rElec   .          Harm     .   (no cloak)
rCorr   .          Rampage  .   (no gloves)
Will    .....                   (no boots)
Stlth   ++........              (no amulet)
HPRegen 0.10/turn               (no ring)
MPRegen 0.12/turn               (no ring)

@: no status effects
A: cold resistance 1, negative energy resistance 3, torment resistance 2, heat
vulnerability 1, in touch with death 1, no potions
a: no special abilities


You were on level 2 of the Dungeon.
You visited 1 branch of the dungeon, and saw 2 of its levels.

You collected 39 gold pieces.
You spent 33 gold pieces at shops.

Inventory:

Hand Weapons
 h - a +0 dagger
 i - a +0 club
 j - a +2 dagger of protection (weapon)
Missiles
 f - 42 stones
Armour
 a - a +0 robe (worn)
 d - a +0 leather armour
 e - a +0 ring mail
 k - a +0 helmet (worn)
 m - a +0 ring mail
Scrolls
 b - 2 scrolls of identify {unknown}
 c - 2 scrolls of enchant weapon {unknown}
 g - 3 scrolls of teleportation
 l - a scroll of brand weapon {unknown}
 n - a scroll of summoning {unknown}


   Skills:
 + Level 0.4 Fighting
 - Level 1.5 Dodging
 - Level 1.5 Stealth
 + Level 4.3 Spellcasting
 * Level 4.1 Conjurations


You had 5 spell levels left.
You knew the following spells:

 Your Spells              Type           Power      Damage    Failure   Level
a - Searing Ray           Conj           38%        2d5       3%          2
b - Magic Dart            Conj           76%        1d6       2%          1
c - Dazzling Flash        Conj/Hex       24%        N/A       17%         3

Your spell library contained the following spells:

 Spells                   Type           Power      Damage    Failure   Level
 Scorch                   Fire           8%         2d5       21%         2
 Gell's Gravitas          Tloc           4%         N/A       36%         3
 Teleport Other           Tloc           4%         N/A       36%         3
 Flame Wave               Conj/Fire      12%        2d6       50%         4
 Fulminant Prism          Conj/Hex       6%         3d7       50%         4
 Iskenderun's Mystic Bla  Conj/Tloc      12%        2d5       50%         4
 Dispersal                Tloc           2%         N/A       100%        6
 Summon Cactus Giant      Summ           2%         N/A       100%        6


Dungeon Overview and Level Annotations

Branches:
Dungeon (2/15)

Altars:

Shops:
D:1 *

Annotations:
D:2 Crazy Yiuf


Innate Abilities, Weirdness & Mutations

You are immune to poison.
Your flesh is cold resistant. (rC+)
You are immune to negative energy. (rN+++)
You are immune to unholy pain and torment.
You are vulnerable to heat. (rF-)
You are in touch with the powers of death.
You do not drink.


Message History

Casting: Searing Ray (safe; 3% risk of failure)
Confirm with . or Enter, or press ? or * to list all spells.
You can't see any susceptible monsters within range! (Use Z to cast anyway.)
Casting: Searing Ray (safe; 3% risk of failure)
Confirm with . or Enter, or press ? or * to list all spells.
Aiming: Searing Ray (safe; 3% risk of failure)
Press: ? - help, Shift-Dir - straight line, f - endoplasm
Aim: an endoplasm (asleep, 100% to hit)
The searing ray hits the endoplasm.
The endoplasm is heavily wounded. (Press . to maintain the ray.)
The searing ray hits the endoplasm!
You kill the endoplasm!
Found a robe.
No target in view!
No target in view!
You see here a +0 robe.
You see here a white potion.
There is an open door here.
You see here a +0 dagger.
There is an open door here.
You open the door.
Crazy Yiuf shouts!
Crazy Yiuf zaps a wand.
The puff of flame hits you! The fire burns you terribly!
Casting: Searing Ray (safe; 3% risk of failure)
Confirm with . or Enter, or press ? or * to list all spells.
Aiming: Searing Ray (safe; 3% risk of failure)
Press: ? - help, Shift-Dir - straight line, f - Crazy Yiuf
Aim: Crazy Yiuf, wielding a +3 quarterstaff of chaos, wearing a +0 cloak and carrying a wand of flame (25) (81% to hit)
The searing ray hits Crazy Yiuf.
Crazy Yiuf is moderately wounded. (Press . to maintain the ray.)
The searing ray hits Crazy Yiuf.
Crazy Yiuf is heavily wounded.
The searing ray hits Crazy Yiuf.
Crazy Yiuf is severely wounded.
Crazy Yiuf hits you with a +3 quarterstaff of chaos!
Space warps horribly around you!
Ouch! That really hurt!
You die...

###.###...........####...)...####
# #.# #...##.....)# #...........
###+###...##...#### #.......###.
##......!.###### #.......###.
..........## #...#.......
...........# ##### #...#.......
...........# #..)# #...#÷#.####
.......###.# #...# #...#.#.#
.......# #.# ... #...#)#.##
....#### #.# #g# #...#.#..###
....# ### ♣♣@♣ #...#.##....
....######## ♣.♣♣ #...#.##....
....'......# ♣♣.♣ #...........
....######## ♣.♣♣ #####.###.##
##### ♣♣.♣♣ #.# #.# ##########
♣.P.♣♣ #.###.## #........# ♣PPP.♣
#....... #........# #....#
######.# ###........####..## #..
..................# ##.
...........###...## #.


You could see Crazy Yiuf.

Vanquished Creatures
  Jessica (D:2)
  Robin (D:2)
  2 adders (D:2)
  2 dart slugs (D:2)
  A ball python (D:1)
  4 endoplasms
  10 goblins (D:2)
  4 hobgoblins
  2 kobolds (D:2)
  3 bats
  2 frilled lizards
  2 rats
34 creatures vanquished.

Notes
Turn   | Place    | Note
-------+----------+-------------------------------------------
     0 | D:1      | Gather the Mummy Conjurer began the quest for the Orb.
     0 | D:1      | Reached XP level 1. HP: 13/13 MP: 4/4
   483 | D:1      | Found Sedghugok's General Store.
   653 | D:1      | Found a faded altar of an unknown god.
   790 | D:2      | Reached XP level 2. HP: 19/19 MP: 4/6
   793 | D:2      | Learned a level 2 spell: Searing Ray
   863 | D:1      | Bought a scroll of teleportation for 33 gold pieces
   930 | D:2      | Found a runed translucent door.
   939 | D:2      | Noticed Crazy Yiuf
  1305 | D:2      | Noticed Jessica
  1336 | D:2      | Killed Jessica
  1337 | D:2      | Gained mutation: You are in touch with the powers of death.
                  | [Mummy growth]
  1337 | D:2      | Reached XP level 3. HP: 20/24 MP: 2/8
  1611 | D:2      | Noticed Robin
  1622 | D:2      | Killed Robin
  1623 | D:2      | Reached XP level 4. HP: 24/30 MP: 2/10
  1716 | D:2      | Learned a level 3 spell: Dazzling Flash
  2338 | D:2      | Mangled by Crazy Yiuf

Illustrated notes

Levels and vault maps discovered:
D:1:      heliophobic_arrival_battle_scene, layout_loops_cross, serial_shops,
          nicolae_shop_competitors_out_of_business,
          shapermc_ecumenical_altar_notcrosses
D:2:      layout_basic, uniq_jessica, uniq_robin, uniq_crazy_yiuf_cottage

Skill      XL: |  1  2  3 |
---------------+----------+-----
Spellcasting   | 3 4 |  4.3
Conjurations   | 4 |  4.1
Fighting       | |  0.4
Dodging        | |  1.5
Stealth        | |  1.5

Action                   |  1- 3 |  4- 6 || total
-------------------------+-------+-------++-------
Melee: Dagger            |     1 |       ||     1
 Cast: Magic Dart        |    17 |       ||    17
       Searing Ray       |    18 |     9 ||    27
Armor: Robe              |     1 |     1 ||     2
Dodge: Dodged            |     7 |     1 ||     8

Table legend: (Time is in decaauts)
 A = Elapsed time spent in this place.
 B = Non-inter-level travel time spent in this place.
 C = Inter-level travel time spent in this place.
 D = Time resting spent in this place.
 E = Time spent auto-exploring this place.
 F = Levels seen in this place.
 G = Mean time per level.
                   A        B        C        D        E       F      G
               +--------+--------+--------+--------+--------+-----+--------+
         Total |   2339 |   2212 |    127 |    267 |   1625 |   2 | 1169.5 |
       Dungeon |   2339 |   2212 |    127 |    267 |   1625 |   2 | 1169.5 |
               +--------+--------+--------+--------+--------+-----+--------+

Top non-repeatable levels by time:
     D:2: 1474 daAuts
     D:1: 865 daAuts
